Description

  • Early defense/offence with 3 Reapers, 2 Hellions. Reinforced with 1-2 Cyclones
  • 2 Ravens built early for utility
  • Core composition is Hellions, Siege Tanks and Vikings.
  • Can transition to Cyclones over Siege Tanks if opponent massing air.
  • End state of 3 Tech Lab Factories, 2 Reactor Factories, 1 Reactor Starport

Build Order

Get SALT Encoding   

  14  0:18  Supply Depot  
  15  0:28  Refinery  
  16  0:45  Barracks  3 Reapers
  17  0:55  Refinery  
  20  1:32  Orbital Command, Reaper  
  20  1:36  Factory  2 Hellions
  20  1:38  Action  Remove 2 SCVs from Gas
  20  1:45  Supply Depot  
  26  2:28  Command Center  
  26  2:30  Action  Return SCVs to Gas
  30  2:45  Supply Depot  
  31  2:55  Starport  2 Ravens, Vikings
  31  3:02  Factory Tech Lab  2-4 Cyclones, Siege Tanks
  32  3:10  Barracks Tech Lab  Swap to Starport when complete
  36  3:26  Refinery  
    4:20  Command Center  
    4:30  Refinery  
    4:40  Supply Depot  
    4:45  Barracks Reactor  Swap to Starport when complete
    5:20  Engineering Bay, Armory x2  
    6:10  Terran Vehicle And Ship Armor Level 1, Terran Vehicle Weapons Level 1  
    6:15  Refinery x2  
    6:25  Supply Depot  Constant production
    7:00  Factory, Barracks Reactor  
    7:20  Factory  On empty Tech Lab
    8:30  Terran Vehicle And Ship Armor Level 2, Terran Vehicle Weapons Level 2  
    8:40  Factory x2  
    9:00  Infernal Pre-Igniter  
Spawning Tool Build Advisor. Get it on Overwolf

Go to:

Details

  • Created by: MjadeX
  • Published on: Jan 07, 2019
  • Modified on: Jan 07, 2019
  • Patch: 4.7.1
Show
View Real Time Build Order
Export as new Build Order

Comments (0)

There are no comments. Be the first!

Create an account to comment!